 Dungeon Crawl Stone Soup version 0.28.0 (webtiles) character file.

Game seed: 160751550292234191

158 fragbeetle the Poker (level 5, -1/45 HPs)
             Began as a Minotaur Hunter on Feb 18, 2022.
             Succumbed to an orc's poison
             ... on level 3 of the Dungeon.
             The game lasted 00:04:28 (2396 turns).

fragbeetle the Poker (Minotaur Hunter)              Turns: 2396, Time: 00:04:29

Health: -1/45      AC:  5    Str: 19    XL:     5   Next: 16%
Magic:  4/4        EV: 11    Int:  8    God:
Gold:   113        SH:  0    Dex: 10    Spells: 4/4 levels left

rFire   . . .      SeeInvis .   a - +1 shortbow
rCold   . . .      Faith    .   (shield currently unavailable)
rNeg    . . .      Spirit   .   i - +0 ring mail
rPois   .          Reflect  .   (helmet restricted)
rElec   .          Harm     .   (no cloak)
rCorr   .          Rampage  .   (no gloves)
Will    .....                   (no boots)
Stlth   +.........              (no amulet)
HPRegen 0.15/turn               (no ring)
MPRegen 0.09/turn               (no ring)

@: mighty, lethally poisoned (-1 -> -14), hasted, very quick
A: horns 2, retaliatory headbutt
a: no special abilities


You were on level 3 of the Dungeon.
You visited 1 branch of the dungeon, and saw 3 of its levels.

You collected 113 gold pieces.

Inventory:

Hand Weapons
 a - a +1 shortbow (weapon)
 b - a +0 short sword
 j - a +0 spear
Missiles
 d - 9 arrows (quivered ammo)
Armour
 c - a +0 leather armour
 i - a +0 ring mail (worn)
Scrolls
 e - a scroll of enchant weapon {unknown}
 f - 3 scrolls of identify {unknown}
 h - a scroll of teleportation {unknown}
Potions
 k - a potion of might
 l - a potion of berserk rage {unknown}
 m - a potion of resistance {unknown}


   Skills:
 - Level 3.0 Fighting
 * Level 4.7 Polearms
 - Level 4.6 Bows
 - Level 2.6 Dodging
 - Level 1.4 Stealth


You had 4 spell levels left.
You didn't know any spells.
Your spell library contained the following spells:

 Spells                   Type           Power      Damage    Failure   Level
 Sandblast                Erth           0%         2d4       58%         1
 Passwall                 Tmut/Erth      0%         N/A       75%         2
 Stone Arrow              Conj/Erth      0%         3d7       92%         3


Dungeon Overview and Level Annotations

Branches:
Dungeon (3/15)

Altars:

Shops:
D:2 [

Annotations:
D:3 Robin


Innate Abilities, Weirdness & Mutations

You have a pair of horns on your head.
You reflexively headbutt those who attack you in melee.


Message History

Aim: an orc priest, wielding a +0 club (severely wounded, 60% to hit)
You shoot an arrow. The arrow hits the orc priest!
You kill the orc priest!
The adder barely misses you.
You have reached level 5!
Fire: 12 arrows
Press: ? - help, Q - select action Shift-Dir - straight line, f - adder
Aim: an adder (42% to hit)
You shoot an arrow. The arrow barely misses the adder.
The adder bites you but does no damage.
Unknown command.
Fire: 11 arrows
Press: ? - help, Q - select action Shift-Dir - straight line, f/p - adder
Aim: an adder (42% to hit)
You shoot an arrow. The arrow hits the adder.
The adder is moderately wounded.
The adder barely misses you.
Fire: 10 arrows
Press: ? - help, Q - select action Shift-Dir - straight line, f/p - adder
Aim: an adder (moderately wounded, 42% to hit)
You shoot an arrow. The arrow hits the adder!
You kill the adder!
Unknown command.
Items here: )) [ †.
You start resting.
A hobgoblin comes into view.
Robin shouts!
You hear a shout!
Robin roars a battlecry!
The orc hits you with a +0 trident of venom!
* * * LOW HITPOINT WARNING * * *
You are lethally poisoned!
Unknown command.
It was a potion of haste.
You feel yourself speed up.
* * * LOW HITPOINT WARNING * * *
You feel very sick. The orc barely misses you.
Unknown command.
It was a potion of might.
You feel very mighty all of a sudden.
You die...

#.## #.# # ## #.# .. ##### #.# #.
###########...# #.# #.
#.............# #.# ######.######
#.#########...# #.# .........<..#
#.# ##.## #.#
######......###o##########.####.#
#####.....#@......g........#
#.####.##########....... #.####.#
######## #......# ########


You could see Robin and an orc.

Vanquished Creatures
  An orc priest (D:3)
  An iguana (D:2)
  4 adders
  A worm (D:2)
  A dart slug (D:2)
  3 orcs
  2 ball pythons (D:1)
  4 endoplasms
  A giant cockroach (D:1)
  5 goblins
  6 hobgoblins
  3 jackals (D:1)
  9 kobolds
  4 quokkas
  3 bats
  5 frilled lizards
  4 rats
57 creatures vanquished.

Notes
Turn   | Place    | Note
-------+----------+-------------------------------------------
     0 | D:1      | fragbeetle the Minotaur Hunter began the quest for the Orb.
     0 | D:1      | Reached XP level 1. HP: 18/18 MP: 0/0
    99 | D:1      | Reached skill level 1 in Stealth
   172 | D:1      | Reached XP level 2. HP: 25/25 MP: 1/1
   898 | D:2      | Reached XP level 3. HP: 21/31 MP: 2/2
  1203 | D:2      | Reached XP level 4. HP: 38/38 MP: 3/3
  1642 | D:2      | Found Osmi's Armour Shop.
  1939 | D:3      | Noticed Robin
  2337 | D:3      | Reached XP level 5. HP: 3/45 MP: 4/4
  2395 | D:3      | HP: 1/45 [poisoned by an orc]
  2396 | D:3      | Succumbed to an orc's poison

Illustrated notes

Levels and vault maps discovered:
D:1:      minmay_arrival_five_plusses, layout_basic
D:2:      layout_basic, serial_shops, nicolae_shop_window_shopping,
          st_stairs_11, minmay_tiny_reverse_x
D:3:      layout_loops_ring, old_standard_altar, amcnicky_mini_corridor_feature,
          uniq_robin

Skill      XL: |  1  2  3  4 |
---------------+-------------+-----
Stealth        | 1 |  1.4
Fighting       | 3 |  3.0
Polearms       | 2 4 |  4.7
Bows           | |  4.6
Dodging        | |  2.6

Action                   |  1- 3 |  4- 6 || total
-------------------------+-------+-------++-------
Melee: Spear             |    46 |    76 ||   122
       Headbutt          |     3 |     6 ||     9
       Punch             |     1 |       ||     1
 Fire: Shortbow          |    39 |     7 ||    46
  Use: Potion            |       |     2 ||     2
Armor: Ring mail         |     9 |    16 ||    25
       Leather armour    |     4 |       ||     4
Dodge: Dodged            |    31 |    39 ||    70
